 Dungeon Crawl Stone Soup version 0.25-a0-253-g6f1b5d974a (webtiles) character file.

Game seed: 8380737564621665234, levelgen mode: classic

222 Borgoz the Slasher (level 5, 37/47 HPs)
             Began as a Hill Orc Fighter on Dec 5, 2019.
             Quit the game on level 3 of the Dungeon.
             The game lasted 00:04:02 (2889 turns).

Borgoz the Slasher (Hill Orc Fighter)               Turns: 2889, Time: 00:04:02

Health: 37/47      AC:  7    Str: 20    XL:     5   Next: 99%
Magic:  5/5        EV:  7    Int:  8    God:
Gold:   154        SH:  9    Dex: 14    Spells: 4/4 levels left

rFire    . . .     SeeInvis .   a - +0 long sword
rCold    . . .     Gourm    .   c - +0 shield
rNeg     . . .     Faith    .   b - +0 scale mail
rPois    .         Spirit   .   (no helmet)
rElec    .         Reflect  .   m - scarf {cloud immunity}
rCorr    .         Harm     .   (no gloves)
MR       .....                  (no boots)
Stlth    ..........             (no amulet)
HPRegen  0.15/turn              q - +4 ring of dexterity
MPRegen  0.09/turn              (no ring)

@: no status effects
A: no striking features
a: no special abilities


You were on level 3 of the Dungeon.
You were not hungry.

You visited 1 branch of the dungeon, and saw 3 of its levels.

You collected 154 gold pieces.

Inventory:

Hand Weapons
 a - a +0 long sword (weapon)
Armour
 b - a +0 scale mail (worn)
 c - a +0 shield (worn)
 m - a scarf of cloud immunity (worn)
Jewellery
 q - a +4 ring of dexterity (left hand)
Scrolls
 e - a scroll of enchant armour {unknown}
 g - 5 scrolls of identify {unknown}
 k - a scroll of blinking {unknown}
 l - a scroll of teleportation {unknown}
 r - a scroll of fog {unknown}
 s - a scroll of remove curse {unknown}
Potions
 d - 2 potions of might
 j - a potion of agility {unknown}
 n - 2 potions of flight {unknown}
 o - a potion of resistance {unknown}
 p - 2 potions of brilliance {unknown}
 t - 2 potions of curing {unknown}
Comestibles
 f - 6 rations


   Skills:
 + Level 4.9 Fighting
 * Level 4.9 Long Blades
 + Level 4.5 Armour
 - Level 3.2 Shields


You had 4 spell levels left.
You didn't know any spells.
Your spell library was empty.

Dungeon Overview and Level Annotations

Branches:
Dungeon (3/15)

Altars:


Message History

Moving in this stuff is going to be slow.
You see here a rat corpse.
You enter the shallow water.
Moving in this stuff is going to be slow.
You enter the shallow water.
Moving in this stuff is going to be slow.
You enter the shallow water.
Moving in this stuff is going to be slow.
All of the chunks of flesh in your inventory have rotted away.
You enter the shallow water.
Moving in this stuff is going to be slow.
You enter the shallow water.
Moving in this stuff is going to be slow.
You see here 4 boomerangs.
You see here 4 boomerangs.
Done exploring.
Done exploring.
Are you sure you want to abandon this character and quit the game? (Confirm with "yes".)
Okay, then.
Are you sure you want to abandon this character and quit the game? (Confirm with "yes".)

###############
.....)........#
#############.######
# #.#.@..# #
#####.#.##.#
#########.....#.##.#
..................>#
#######.#.#####.####
# #.#.# #.# #
##.#.#####.#
######.....(.##.#
.............##.#


There were no monsters in sight!

Vanquished Creatures
  An orc priest (D:3)
  An orc wizard (D:3)
  3 gnolls (D:3)
  4 adders (D:3)
  3 worms (D:3)
  A dart slug (D:2)
  4 leopard geckos
  8 orcs (D:3)
  2 giant cockroaches
  13 goblins
  8 hobgoblins
  3 jackals (D:2)
  7 kobolds
  A quokka (D:3)
  A ball python (D:3)
  7 bats
  3 frilled lizards
  10 rats
80 creatures vanquished.

Notes
Turn   | Place    | Note
-------+----------+-------------------------------------------
     0 | D:1      | Borgoz the Hill Orc Fighter began the quest for the Orb.
     0 | D:1      | Reached XP level 1. HP: 19/19 MP: 1/1
   188 | D:1      | Reached XP level 2. HP: 18/27 MP: 2/2
   983 | D:1      | Reached XP level 3. HP: 28/33 MP: 3/3
  1858 | D:3      | Reached XP level 4. HP: 25/40 MP: 4/4
  1871 | D:3      | Reached XP level 5. HP: 15/47 MP: 5/5
  2889 | D:3      | Quit the game

Levels and vault maps discovered:
D:1:      dpeg_arrival_circle_labyrinth_b, layout_basic, hex_large
D:2:      layout_loops_ring, nicolae_overflow_hidden_temple
D:3:      layout_basic, gup_sewer_entry_spiral, first_ration

Skill      XL: |  1  2  3  4 |
---------------+-------------+-----
Long Blades    | 3 4 |  4.9
Fighting       | 4 |  4.9
Armour         | 4 |  4.5
Shields        | |  3.2

Action                   |  1- 3 |  4- 6 || total
-------------------------+-------+-------++-------
Melee: Long sword        |   134 |   127 ||   261
  Use: Potion            |       |     1 ||     1
  Eat: Chunk             |     3 |     4 ||     7
Armor: Scale mail        |    64 |    52 ||   116
Dodge: Dodged            |    42 |    25 ||    67
Block: Shield            |    63 |    51 ||   114
       Rpst.: Long sword |    17 |     8 ||    25

Table legend:
 A = Non-vault XP
 B = Vault XP
 C = Vault XP percentage of total XP
 D = Non-vault monster count
 E = Vault monster count
 F = Vault count percentage of total count
                 A         B        C        D         E       F
            +---------+---------+-------+---------+---------+-------
      Total |     281 |      37 |  11.6 |      74 |       6 |   7.5
            +---------+---------+-------+---------+---------+-------
        D:1 |      34 |       0 |   0.0 |      21 |       0 |   0.0
        D:2 |      35 |       0 |   0.0 |      18 |       0 |   0.0
        D:3 |     212 |      37 |  14.9 |      35 |       6 |  14.6
            +---------+---------+-------+---------+---------+-------
